 Dungeon Crawl Stone Soup version 0.30-a0-1074-g5db6f66fbb (webtiles) character file.

Game seed: 7549404694190877780

2254 Kauriferous the Cleaver (level 9, -3/81 HPs)
             Began as a Minotaur Fighter on Apr 13, 2023.
             Slain by a sixfirhy (11 damage)
             ... summoned by a kobold demonologist
             ... on level 7 of the Dungeon on Apr 14, 2023.
             The game lasted 00:22:59 (7018 turns).

Kauriferous the Cleaver (Minotaur Fighter)          Turns: 7018, Time: 00:23:00

Health: -3/81      AC: 14    Str: 25    XL:     9   Next: 15%
Magic:  8/8        EV:  6    Int:  5    God:
Gold:   0          SH: 16    Dex: 16    Spells: 8/8 levels left

rFire   + . .      SeeInvis .    J - +2 war axe (heavy)
rCold   . . .      Faith    .    E - +0 kite shield
rNeg    . . .      Spirit   .    h - +0 plate armour
rPois   .          Reflect  +    (helmet restricted)
rElec   .          Rampage  .    (no cloak)
rCorr   .                        (no gloves)
Will    .....                    z - +0 pair of boots Stlth
                                 a - amulet of reflection
HPRegen 0.33/turn                e - ring of protection from fire
MPRegen 0.11/turn                f - +6 ring of dexterity

@: no status effects
A: horns 2, retaliatory headbutt
a: no special abilities


You were on level 7 of the Dungeon.
You visited 1 branch of the dungeon, and saw 7 of its levels.

You collected 300 gold pieces.
You spent 300 gold pieces at shops.

Inventory:

Hand Weapons
 J - a +2 heavy war axe (weapon)
Missiles
 g - 2 boomerangs (quivered)
 v - 5 poisoned darts
 w - 5 atropa-tipped darts
Armour
 c - a +0 buckler
 h - a +0 plate armour (worn)
 z - a +0 pair of boots (worn)
 E - a +0 kite shield (worn)
Jewellery
 a - an amulet of reflection (around neck)
 e - a ring of protection from fire (left hand)
 f - a +6 ring of dexterity (right hand)
 s - a ring of wizardry
Wands
 r - a wand of light (17)
 C - a wand of paralysis (15)
Scrolls
 b - a scroll of fear {unknown}
 j - a scroll of torment {unknown}
 m - 2 scrolls of magic mapping {unknown}
 t - a scroll of blinking {unknown}
 u - a scroll of brand weapon {unknown}
 y - a scroll of teleportation {unknown}
 A - a scroll of immolation {unknown}
 D - 4 scrolls of identify
 H - 2 scrolls of enchant armour {unknown}
 I - a scroll of vulnerability {unknown}
Potions
 d - 4 potions of might
 i - 3 potions of curing
 k - a potion of mutation
 l - 2 potions of cancellation
 n - 2 potions of lignification
 o - a potion of attraction {unknown}
 p - 2 potions of heal wounds
 q - a potion of magic
 x - a potion of ambrosia {unknown}
 B - a potion of flight {unknown}
 F - 2 potions of haste {unknown}
 G - 3 potions of brilliance


   Skills:
 + Level 7.8 Fighting
 * Level 8.9 Axes
 + Level 7.7 Armour
 + Level 7.7 Shields


You had 8 spell levels left.
You didn't know any spells.
Your spell library contained the following spells:

 Spells                   Type           Power      Damage    Failure   Level
 Freeze                   Ice            0%         1d3       100%        1
 Sandblast                Erth           0%         2d4       100%        1
 Passwall                 Tmut/Erth      0%         N/A       100%        2
 Frozen Ramparts          Ice            0%         1d1       100%        3
 Hailstorm                Conj/Ice       0%         3d3       100%        3
 Stone Arrow              Conj/Erth      0%         3d7       100%        3


Dungeon Overview and Level Annotations

Branches:
Dungeon (7/15)
 Temple: D:4-7

Altars:

Shops:
D:1 =

Annotations:
D:7 Pikel


Innate Abilities, Weirdness & Mutations

You have a pair of horns on your head.
You reflexively headbutt those who attack you in melee.


Message History

The hellwing is almost dead.
You slice the sixfirhy!! Your headbutt misses the sixfirhy.
The sixfirhy is severely wounded.
The sixfirhy hits you but does no damage.
The sixfirhy barely misses you.
The kobold demonologist casts a spell.
The sixfirhy hits you but does no damage.
You block the sixfirhy's attack.
You barely miss the sixfirhy. Your headbutt misses the sixfirhy.
The sixfirhy is severely wounded.
You block the sixfirhy's attack. x2; The sixfirhy barely misses you.
The sixfirhy hits you but does no damage.
The kobold demonologist looks encouraged for a moment.
You closely miss the sixfirhy.
The sixfirhy is heavily wounded.
You barely miss the sixfirhy. Your headbutt misses the sixfirhy.
The sixfirhy is heavily wounded.
The sixfirhy hits you. The sixfirhy shocks you! The sixfirhy hits you.
The sixfirhy shocks you!
The sixfirhy hits you but does no damage. x2
The sixfirhy hits you. The sixfirhy shocks you!
The sixfirhy hits you but does no damage.
The white imp laughs crazily.
Unknown command.
The sixfirhy hits you but does no damage.
The hellwing disappears in a puff of smoke!
The sixfirhy hits you but does no damage.
You block the sixfirhy's attack. x2; The crimson imp blinks!
The sixfirhy barely misses you.
The white imp sputters.
The sixfirhy attacks as you move away! The sixfirhy hits you.
The sixfirhy shocks you! The sixfirhy attacks as you move away!
The sixfirhy hits you. The sixfirhy shocks you!
* * * LOW HITPOINT WARNING * * *
The sixfirhy hits you but does no damage.
The sixfirhy hits you!
* * * LOW HITPOINT WARNING * * *
The sixfirhy shocks you!
You die...

#.#... #5# #...# #.#
##..# #4# # ##...#
##K##
######..#.######...#
....)..............#
.#####...#######...#
.....#..#### #3).#
####.......#####@..####
###..##......###...#
#...#######.......#
#.......<....##...#
#####...###############
##.....## .......##
........###
..........#######
##########


You could see a rust devil (summoned), a kobold demonologist and a sixfirhy
(summoned).

Vanquished Creatures
  Prince Ribbit (D:5)
  A water moccasin (D:5)
  A black bear (D:7)
  An orc warrior (D:6)
  An ogre (D:6)
  Pargi (D:3)
  2 lemures (D:7)
  A kobold brigand (D:7)
  2 phantoms (D:5)
  2 bullfrogs (D:6)
  3 scorpions
  A jelly (D:6)
  2 hounds (D:4)
  5 orc priests
  3 sleepcaps
  2 gnoll boudas
  8 orc wizards
  5 iguanas
  9 gnolls
  12 adders
  2 white imps
  An ufetubus (D:6)
  2 worms
  6 dart slugs
  29 orcs
  4 bats
  4 endoplasms
  4 giant cockroaches
  11 goblins
  7 hobgoblins
  3 jackals (D:1)
  7 kobolds
  4 quokkas
  9 ball pythons
  2 frilled lizards (D:3)
  6 rats
164 creatures vanquished.

Notes
Turn   | Place    | Note
-------+----------+-------------------------------------------
     0 | D:1      | Kauriferous the Minotaur Fighter began the quest for the
                  | Orb.
     0 | D:1      | Reached XP level 1. HP: 19/19 MP: 0/0
   152 | D:1      | Reached XP level 2. HP: 27/27 MP: 1/1
   231 | D:1      | Found Wepomo Yriz's Jewellery Shoppe.
   446 | D:1      | Reached XP level 3. HP: 33/33 MP: 2/2
   548 | D:1      | Reached skill level 3 in Axes
   725 | D:2      | Reached XP level 4. HP: 22/41 MP: 3/3
  1522 | D:2      | Reached XP level 5. HP: 44/47 MP: 4/4
  2003 | D:3      | Reached skill level 4 in Axes
  2256 | D:3      | Reached skill level 5 in Fighting
  2421 | D:3      | Noticed Pargi
  2430 | D:3      | Killed Pargi
  2431 | D:3      | Reached skill level 5 in Armour
  2431 | D:3      | Reached skill level 5 in Shields
  2431 | D:3      | Reached XP level 6. HP: 47/56 MP: 5/5
  3302 | D:5      | Entered Level 5 of the Dungeon
  3321 | D:5      | Reached skill level 5 in Axes
  3380 | D:4      | Reached XP level 7. HP: 62/62 MP: 6/6
  3840 | D:5      | Noticed Prince Ribbit
  3864 | D:5      | Killed Prince Ribbit
  3865 | D:5      | Reached skill level 6 in Axes
  4081 | D:5      | Reached XP level 8. HP: 69/71 MP: 7/7
  4324 | D:5      | Upgraded the game from 0.30-a0-1066-g63dfefce0d to
                  | 0.30-a0-1074-g5db6f66fbb
  4430 | D:5      | Reached skill level 7 in Axes
  5652 | D:6      | Reached skill level 8 in Axes
  6092 | D:7      | Identified the +8 rapier "Joigewi" {freeze, Str+3}
  6144 | D:7      | Noticed a kobold demonologist
  6180 | D:6      | Reached XP level 9. HP: 64/79 MP: 8/8
  6715 | D:1      | Bought an amulet of reflection for 300 gold pieces
  6877 | D:7      | Noticed Pikel
  7001 | D:7      | Noticed a hellwing
  7006 | D:7      | Noticed a sixfirhy
  7008 | D:7      | Noticed a rust devil
  7018 | D:7      | Slain by a sixfirhy

Illustrated notes

Levels and vault maps discovered:
D:1:      scummos_arrival_forest, layout_rooms, serial_shops, shop,
          grunt_decor_clamped, chequers_serial_rivers_micro_d,
          minmay_liquid_box, grunt_decor_arrowhead
D:2:      layout_basic
D:3:      layout_rooms, grunt_ministairs_12, grunt_decor_junction, uniq_pargi
D:4:      layout_basic, serial_park_tiny_pond
D:5:      layout_basic, uniq_prince_ribbit1
D:6:      layout_loops_corners
D:7:      layout_rooms, minmay_temple_entry_trees, gammafunk_ghost_split,
          kennysheep_generic_room_13, uniq_pikel

Skill      XL: |  1  2  3  4  5  6  7  8 |
---------------+-------------------------+-----
Armour         | 4 5 6 7 |  7.7
Fighting       | 4 5 6 7 |  7.8
Shields        | 4 5 6 7 |  7.7
Axes           | 3 4 5 6 8 |  8.9

Action                     |  1- 3 |  4- 6 |  7- 9 || total
---------------------------+-------+-------+-------++-------
  Melee: War axe           |    67 |   150 |   232 ||   449
         Headbutt          |     7 |    23 |    44 ||    74
  Throw: Boomerang         |       |     3 |    15 ||    18
    Use: Scroll            |       |     6 |     1 ||     7
 Armour: Scale mail        |    24 |       |       ||    24
         Plate armour      |    21 |    75 |   140 ||   236
  Dodge: Dodged            |    30 |    38 |    39 ||   107
  Block: Buckler           |    14 |    42 |    17 ||    73
         Kite shield       |       |       |   103 ||   103

Table legend: (Time is in decaauts)
 A = Elapsed time spent in this place.
 B = Non-inter-level travel time spent in this place.
 C = Inter-level travel time spent in this place.
 D = Time resting spent in this place.
 E = Time spent auto-exploring this place.
 F = Levels seen in this place.
 G = Mean time per level.
                   A        B        C        D        E       F      G
               +--------+--------+--------+--------+--------+-----+--------+
         Total |   7192 |   6567 |    625 |   1080 |   3989 |   7 | 1027.4 |
       Dungeon |   7192 |   6567 |    625 |   1080 |   3989 |   7 | 1027.4 |
               +--------+--------+--------+--------+--------+-----+--------+

Top non-repeatable levels by time:
     D:6: 1541 daAuts
     D:5: 1461 daAuts
     D:2: 1364 daAuts
     D:4: 860 daAuts
     D:3: 831 daAuts
     D:1: 722 daAuts
     D:7: 410 daAuts
